AoeStats
← Ca-Bling

Nomad

510375461Analyzed
2v2 RM · 1d ago on Sep 30, 2026· 54m 53s· 4 players
Game mode
Random Map
Map size
176×176
Population
200
Speed
Normal
Resources
Standard
Victory
Conquest
Starting age
Dark Age
Ending age
Imperial Age
RankedLock teamsTeams togetherTeam positionsShared explorationLock speedFull tech treeHidden civsTurbo modeCheats
Victory
Defeat
🇸🇪 Romans · Sweden
1137
+17
🇸🇪 Bulgarians · Sweden
1106
+18
1160
-18
🇦🇷 Vietnamese · Argentina
1137
-17
Wendel.
4:30 Loom
12:33 Feudal Age
13:28 Double-Bit Axe
19:37 Castle Age
21:06 Bloodlines
20:57 Husbandry
22:51 Wheelbarrow
27:42 Fletching
29:26 Bow Saw
29:24 Gold Mining
29:21 Town Watch
30:25 Hand Cart
34:03 Scale Barding Armor
34:09 Forging
42:44 Chain Barding Armor
47:06 Imperial Age
44:56 Elite Skirmisher
45:33 Light Cavalry
47:58 Light Cavalry
47:58 Cavalier
48:40 Pikeman
49:21 Squires
49:32 Man-at-Arms
51:59 Conscription
52:55 Chain Barding Armor
53:11 Iron Casting
54:34 Gold Shaft Mining
55:21 Plate Barding Armor
Ca-Bling
15:03 Feudal Age
19:10 Castle Age
20:40 Forging
20:49 Light Cavalry
21:54 Bloodlines
22:09 Loom
24:12 Medium Warships
24:43 Scale Barding Armor
25:45 Double-Bit Axe
29:37 Fishing Lines
33:03 Imperial Age
30:50 Gillnets
31:58 Gambesons
32:14 Squires
33:05 Iron Casting
32:30 Scale Mail Armor
34:34 Chain Mail Armor
35:19 Blast Furnace
36:57 Plate Mail Armor
44:36 Elite Skirmisher
45:56 Heavy Warships
49:11 Coinage
驯龙骑士尹志平
4:14 Loom
15:34 Feudal Age
15:59 Double-Bit Axe
20:27 Castle Age
18:51 Stone Mining
18:56 Gold Mining
19:52 Stone Mining
21:42 Bow Saw
21:10 Pikeman
26:48 Wheelbarrow
26:01 Town Watch
28:40 Squires
28:27 Arson
30:43 Gold Shaft Mining
30:59 Medium Warships
34:33 Forging
34:24 Scale Mail Armor
37:49 Imperial Age
37:32 Fishing Lines
38:12 Elite Samurai
39:46 Hand Cart
40:34 Kataparuto
41:27 Iron Casting
41:07 Chain Mail Armor
42:06 Two-Man Saw
43:49 Blast Furnace
43:02 Gillnets
46:21 Plate Mail Armor
46:20 Conscription
48:54 Heavy Warships
48:44 Crossbowman
49:29 Thumb Ring
49:23 Fletching
49:33 Padded Archer Armor
51:15 Arbalester
51:53 Bodkin Arrow
52:13 Leather Archer Armor
53:04 Chemistry
54:47 Ballistics
54:09 Treadmill Crane
TikiTiki95
12:23 Loom
14:49 Feudal Age
16:09 Double-Bit Axe
20:56 Castle Age
23:14 Town Watch
28:59 Imperial Age
29:43 Wheelbarrow
29:46 Fletching
30:31 Padded Archer Armor
30:26 Horse Collar
32:33 Chemistry
31:50 Scale Mail Armor
35:04 Bodkin Arrow
36:31 Bracer
37:29 Leather Archer Armor
37:20 Heavy Plow
40:19 Elite Rattan Archer
44:40 Scale Barding Armor
44:46 Forging
45:10 Bloodlines
45:58 Chain Barding Armor
45:54 Chatras
47:11 Elite Battle Elephant
49:11 Plate Barding Armor
54:32 Iron Casting
Connection lost

Rejoining the realm…

Still unreachable

The connection could not be restored.

Session expired

The server has moved on; the page needs a fresh start.